AoeStats
← 海霸天

Arabia

510064028Analyzed
3v3 RM · 4d ago on Sep 29, 2026· 41m 4s· 6 players
Game mode
Random Map
Map size
Normal (6 player)
Population
200
Speed
Normal
Resources
Standard
Victory
Conquest
Starting age
Dark Age
Ending age
Imperial Age
RankedLock teamsTeams togetherTeam positionsShared explorationLock speedFull tech treeHidden civsTurbo modeCheats
Victory
Defeat
🇨🇳 Vikings · China
1041
+7
🇨🇳 Mongols · China
1022
+7
🇫🇮 Chinese · Finland
623
+21
🇷🇺 Ethiopians · Russia
866
-14
🇭🇰 Byzantines · Hong Kong SAR China
829
-13
🇹🇼 Teutons · Taiwan
704
-8
复兴XES
9:06 Loom
11:22 Feudal Age
14:59 Castle Age
13:49 Double-Bit Axe
13:48 Horse Collar
26:26 Wheelbarrow
29:32 Imperial Age
27:53 Hand Cart
28:04 Heavy Plow
28:23 Bow Saw
29:28 Scale Barding Armor
29:47 Forging
30:56 Conscription
30:36 Gold Mining
31:57 Two-Man Saw
31:35 Crop Rotation
32:18 Gold Shaft Mining
35:04 Logistica
36:28 Iron Casting
36:17 Chain Barding Armor
38:42 Hoardings
37:41 Elite Cataphract
38:08 Elite Skirmisher
39:21 Thumb Ring
40:11 Fletching
40:59 Bodkin Arrow
40:58 Stone Mining
iHaze
9:27 Loom
11:23 Feudal Age
19:59 Double-Bit Axe
24:58 Fletching
25:08 Padded Archer Armor
31:44 Castle Age
31:49 Gold Mining
31:44 Horse Collar
32:29 Crossbowman
33:50 Wheelbarrow
34:36 Leather Archer Armor
36:13 Town Watch
36:29 Bodkin Arrow
39:42 Heavy Plow
海霸天
17:15 Feudal Age
15:31 Loom
17:38 Horse Collar
17:49 Double-Bit Axe
22:31 Bloodlines
22:23 Fletching
22:34 Padded Archer Armor
24:11 Scale Barding Armor
24:17 Forging
29:02 Castle Age
27:38 Wheelbarrow
26:48 Town Watch
27:44 Forging
29:10 Gold Mining
29:10 Stone Mining
29:46 Elite Skirmisher
30:53 Bodkin Arrow
31:13 Leather Archer Armor
31:43 Bow Saw
34:14 Ballistics
39:55 Imperial Age
38:14 Scale Mail Armor
40:37 Ironclad
41:24 Masonry
eptp95
12:37 Feudal Age
14:01 Double-Bit Axe
23:04 Castle Age
25:33 Pikeman
29:30 Crossbowman
32:53 Man-at-Arms
33:10 Elite Skirmisher
37:07 Imperial Age
35:46 Long Swordsman
挺拔的象拔蚌
4:47 Loom
9:07 Feudal Age
16:05 Castle Age
15:01 Double-Bit Axe
15:06 Horse Collar
18:18 Gold Mining
21:28 Bow Saw
25:11 Wheelbarrow
25:59 Gold Shaft Mining
27:28 Hand Cart
27:16 Heavy Plow
28:26 Stone Mining
30:23 Ballistics
30:48 Stone Shaft Mining
33:08 Imperial Age
30:49 Thumb Ring
31:04 Town Watch
31:28 Husbandry
32:16 Caravan
31:42 Light Cavalry
32:33 Bloodlines
32:40 Murder Holes
33:10 Fletching
33:20 Padded Archer Armor
33:26 Scale Barding Armor
34:26 Conscription
33:27 Elite Mangudai
35:16 Town Patrol
35:15 Bodkin Arrow
35:35 Leather Archer Armor
34:45 Hussar
38:13 Bracer
38:34 Chain Barding Armor
38:24 Forging
38:36 Drill
39:15 Parthian Tactics
39:38 Heavy Camel Rider
41:22 Iron Casting
wujiang
7:04 Loom
9:55 Feudal Age
10:25 Man-at-Arms
14:52 Double-Bit Axe
16:36 Fletching
18:35 Padded Archer Armor
25:14 Castle Age
23:22 Horse Collar
23:34 Gold Mining
25:24 Crossbowman
26:06 Bodkin Arrow
26:38 Bow Saw
27:24 Leather Archer Armor
31:21 Squires
35:15 Scale Mail Armor
35:26 Forging
38:37 Gold Shaft Mining
Connection lost

Rejoining the realm…

Still unreachable

The connection could not be restored.

Session expired

The server has moved on; the page needs a fresh start.